 Dungeon Crawl Stone Soup version 0.24-a0-67-ga78bd38 (console) character file.

Game seed: 12820926273991367720

3 Duffy the Ruffian (level 1, 17/18 HPs)
             Began as a Naga Transmuter on Feb 5, 2019.
             Quit the game on level 1 of the Dungeon.
             The game lasted 00:00:43 (647 turns).

Duffy the Ruffian (Naga Transmuter)                  Turns: 647, Time: 00:00:44

Health: 17/18      AC:  1    Str: 12    XL:     1   Next: 50%
Magic:  3/3        EV: 10    Int: 13    God:
Gold:   54         SH:  0    Dex: 11    Spells: 3/4 levels left

rFire    . . .     SeeInvis +     - Unarmed
rCold    . . .     Gourm    .   (no shield)
rNeg     . . .     Faith    .   b - +0 robe
rPois    +         Spirit   .   (no helmet)
rElec    .         Reflect  .   (no cloak)
rCorr    .         Harm     .   (no gloves)
MR       .....                  (no barding)
Stlth    +.........             (no amulet)
HPRegen  0.06/turn              (no ring)
MPRegen  0.08/turn              (no ring)

@: very slow
A: large, see invisible, deformed body, poison resistance, slowness 2, slow
metabolism 1, spit poison 1, AC +0
a: Spit Poison


You were on level 1 of the Dungeon.
You were not hungry.

You visited 1 branch of the dungeon, and saw 1 of its levels.

You collected 54 gold pieces.

Inventory:

Missiles
 a - 12 arrows
Armour
 b - a +0 robe (worn)
 i - a +0 buckler
Scrolls
 c - a scroll of noise {unknown}
 e - a scroll of remove curse {unknown}
 f - a scroll of fear {unknown}
 g - a scroll of blinking {unknown}
 h - a scroll of identify {unknown}
Potions
 k - a potion of resistance {unknown}
Comestibles
 d - a ration


   Skills:
 - Level 1.0 Fighting
 - Level 1.5 Dodging
 + Level 3.1 Unarmed Combat
 - Level 2.0 Spellcasting
 + Level 2.1 Transmutations


You had 3 spell levels left.
You knew the following spells:

 Your Spells              Type           Power        Failure   Level  Hunger
a - Beastly Appendage     Tmut           #.....       11%         1    ##.....

Your spell library contained the following spells:

 Spells                   Type           Power        Failure   Level  Hunger
 Sticks to Snakes         Tmut           #.......     16%         2    ###....
 Spider Form              Tmut/Pois      #.........   43%         3    ####...
 Ice Form                 Ice/Tmut       #.......     85%         4    #####..
 Blade Hands              Tmut           #.........   96%         5    ######.


Dungeon Overview and Level Annotations

Branches:
Dungeon (1/15)

Altars:


Innate Abilities, Weirdness & Mutations

You cannot wear boots.
Your serpentine skin is tough. (AC +0)
You have supernaturally acute eyesight. (SInv)
Armour fits poorly on your strangely shaped body.
Your system is resistant to poisons. (rPois)
You cover ground very slowly.
You have a slow metabolism.
You can spit poison.


Message History

a +0 club; a hobgoblin corpse You butcher the hobgoblin corpse.
j - 3 chunks of flesh
Things that are here:
a +0 club; a hobgoblin skeleton
Things that are here:
a +0 club; a hobgoblin skeleton You open the door.
There is an open door here.
Found a hunting sling.
No target in view!
k - a grey potion You now have 45 gold pieces (gained 10).
You now have 54 gold pieces (gained 9).
All of the chunks of flesh in your inventory have rotted away.
A bat comes into view.
You closely miss the bat. The bat hits you.
You barely miss the bat. The bat barely misses you.
You barely miss the bat. The bat hits you but does no damage.
Are you sure you want to abandon this character and quit the game? (Confirm with "yes".)

#.#.#####.## ....
.....# #..# #..#
#.#.###... #..#
#......... #..#
#......... #..#
#.#....... #b.#
#.#######. #..# #.#
#. #@.# #..#.# #.
#..# #.##.# #. #..#
#.##.# #..# #.##.#
#..# #.##.# #..#
#.##.#######.
#..####.#..........
#..................
#.#####...#........


You could see a bat.

Vanquished Creatures
  A hobgoblin (D:1)
  A frilled lizard (D:1)
  A kobold (D:1)
  A rat (D:1)
4 creatures vanquished.

Notes
Turn   | Place    | Note
-------+----------+-------------------------------------------
     0 | D:1      | Duffy the Naga Transmuter began the quest for the Orb.
     0 | D:1      | Reached XP level 1. HP: 18/18 MP: 3/3
   647 | D:1      | Quit the game

Vault maps used:
D:1:      minmay_arrival_four_loops

Action                   || total
-------------------------++-------
Melee: Unarmed           ||    11
 Abil: Spit Poison       ||     4
Armor: Robe              ||     2
Dodge: Dodged            ||     5

Table legend:
 A = Non-vault XP
 B = Vault XP
 C = Vault XP percentage of total XP
 D = Non-vault monster count
 E = Vault monster count
 F = Vault count percentage of total count
                 A         B        C        D         E       F
            +---------+---------+-------+---------+---------+-------
      Total |       5 |       0 |   0.0 |       4 |       0 |   0.0
            +---------+---------+-------+---------+---------+-------
        D:1 |       5 |       0 |   0.0 |       4 |       0 |   0.0
            +---------+---------+-------+---------+---------+-------
